 Dungeon Sprint DCSS version 0.21.1-1-g345015f (webtiles) character file.

1129 Psiloshibe the Carver (level 8, -1/78 HPs)
             Began as a Barachi Berserker on May 27, 2018.
             Was an Elder of Trog.
             Slain by a manticore (14 damage)
             ... in the Dungeon (Sprint IX: "|||||||||||||||||||||||||||||").
             The game lasted 00:04:27 (326 turns).

Psiloshibe the Carver (Barachi Berserker)            Turns: 326, Time: 00:04:27

Health: -1/78      AC: 18    Str: 18    XL:     8   Next: 35%
Magic:  1/8        EV: 10    Int:  8    God:    Trog [****..]
Gold:   0          SH:  0    Dex: 14    Spells: 7/7 levels left

rFire    . . .     SeeInvis .   b - +2 rapier (elec)
rCold    . . .     Gourm    .   (no shield)
rNeg     . . .     Faith    .   r - +1 chain mail
rPois    .         Spirit   .   p - +0 helmet
rElec    .         Reflect  .   (no cloak)
rCorr    .         Harm     .   q - +0 pair of gloves
MR       ++...     NoTele   +   (no boots)
Stlth    ..........             (no amulet)
HPRegen  1.23/turn              n - +2 ring of protection
MPRegen  0.11/turn              o - +2 ring of protection

@: can't hop, regenerating, slow
A: +LOS, swims, slowness 1, strong legs 1
a: Hop, Berserk, Trog's Hand, Brothers in Arms, Burn Spellbooks, Renounce
Religion


You were in the Dungeon.
You worshipped Trog.
Trog was greatly pleased with you.
You were hungry.

You visited 1 branch

Inventory:

Hand Weapons
 a - a +2 scimitar of holy wrath
 b - a +2 rapier of electrocution (weapon)
Armour
 p - a +0 helmet (worn)
 q - a +0 pair of gloves (worn)
 r - a +1 chain mail (worn)
Jewellery
 n - a +2 ring of protection (left hand)
 o - a +2 ring of protection (right hand)
Wands
 m - a wand of acid (8)
Scrolls
 i - 2 scrolls of blinking
 l - 3 scrolls of remove curse
Potions
 d - 4 potions of curing
 e - 2 potions of heal wounds
 g - 4 potions of magic
 h - a potion of berserk rage
 k - a potion of invisibility
Comestibles
 c - a ration
 j - 7 chunks of flesh


   Skills:
 * Level 12.7 Fighting
 * Level 4.2(9.3) Short Blades
 * Level 13.5(13.8) Long Blades
 * Level 8.2 Armour
 + Level 5.2 Dodging
 + Level 1.4 Stealth


You had 7 spell levels left.
You didn't know any spells.

Dungeon Overview and Level Annotations

Branches:
Dungeon (1/1)

Altars:
Cheibriados
Dithmenos
Elyvilon
Fedhas
Gozag
Hepliaklqana
Kikubaaqudgha
Makhleb
Nemelex Xobeh
Okawaru
Qazlal
Ru
Sif Muna
Trog
Uskayaw
Vehumet
Wu Jian
Xom
Yredelemnul
Zin
The Shining One
Beogh
Jiyva
Lugonu


Innate Abilities, Weirdness & Mutations

Shadows flee at your approach. (+LOS)
You can swim through water.
You cover ground slowly.
You can hop short distances.


Message History

* * * LOW HITPOINT WARNING * * *
The manticore claws you but does no damage.
Press: ? - help, v - describe, . - travel, g - get item
Here: a red ugly thing (lightly wounded) 2 scrolls of amnesia.
There is something else lying underneath.
The floor.
Evoke which item? (* to show all) (? for menu, Esc to quit)
Aiming: Corrosive Bolt
Press: ? - help, Shift-Dir - straight line, f - manticore
Aim: a manticore The bolt of acid hits the manticore.
The manticore is splashed with acid.
The manticore is moderately wounded.
The bolt of acid misses the red ugly thing.
The bolt of acid hits the worker ant.
The worker ant is splashed with acid.
The acid corrodes the worker ant!
You kill the worker ant!
Trog accepts your kill.
You can now call in reinforcements.
The manticore bites you!
You die... ▓▓▓▓▓▓▓▓▓▓▓▓▓▓▓▓▓▓▓▓▓▓▓▓▓▓▓▓▓▓▓▓▓ .KO..)+..).G)|uH@________________ ▓▓▓▓▓▓▓▓▓▓▓▓▓▓▓▓▓▓▓▓▓▓▓▓▓▓▓▓▓▓▓▓▓

You could see a red ugly thing, a manticore and an eye of draining.

Vanquished Creatures
  A catoblepas (D)
  A hungry ghost (D)
  2 centaurs (D)
  A killer bee (D)
  A crimson imp (D)
  3 worker ants (D)
  A gnoll (D)
  An orc (D)
  A giant cockroach (D)
  A goblin (D)
  A jackal (D)
  A bat (D)
  A frilled lizard (D)
  A kobold (D)
17 creatures vanquished.

Vanquished Creatures (others)
  A spatial maelstrom (D)
  A big kobold (D)
  A crimson imp (D)
3 creatures vanquished.

Grand Total: 20 creatures vanquished

Notes
Turn   | Place    | Note
-------+----------+-------------------------------------------
     0 | D        | Psiloshibe the Barachi Berserker began the quest for the Orb.
     0 | D        | Reached XP level 1. HP: 18/18 MP: 1/1
     0 | D        | Banished a spatial maelstrom
    12 | D        | Reached skill level 4 in Long Blades
    18 | D        | Reached ** piety under Trog
    34 | D        | Noticed a worker ant
    34 | D        | Noticed a worker ant
    34 | D        | Noticed a centaur
    34 | D        | Noticed a centaur
    34 | D        | Noticed a crimson imp
    35 | D        | Killed a crimson imp
    39 | D        | Killed a centaur
    39 | D        | Reached skill level 7 in Long Blades
    39 | D        | Reached XP level 2. HP: 31/31 MP: 2/2
    39 | D        | Reached XP level 3. HP: 36/36 MP: 3/3
    39 | D        | Reached XP level 4. HP: 43/43 MP: 4/4
    44 | D        | Killed a centaur
    44 | D        | Reached *** piety under Trog
    44 | D        | Reached skill level 9 in Long Blades
    44 | D        | Reached XP level 5. HP: 51/51 MP: 5/5
    51 | D        | Reached skill level 5 in Armour
    89 | D        | Found a roughly hewn altar of Beogh.
    89 | D        | Found a snail-covered altar of Cheibriados.
    89 | D        | Found a shadowy altar of Dithmenos.
    89 | D        | Found a white marble altar of Elyvilon.
    89 | D        | Found a blossoming altar of Fedhas.
    89 | D        | Found an opulent altar of Gozag.
    89 | D        | Found a hazy altar of Hepliaklqana.
    90 | D        | Found a viscous altar of Jiyva.
    91 | D        | Found an ancient bone altar of Kikubaaqudgha.
    92 | D        | Found a corrupted altar of Lugonu.
    93 | D        | Found a burning altar of Makhleb.
    94 | D        | Found a sparkling altar of Nemelex Xobeh.
    95 | D        | Found an iron altar of Okawaru.
    96 | D        | Found a stormy altar of Qazlal.
    97 | D        | Found a sacrificial altar of Ru.
    98 | D        | Found a deep blue altar of Sif Muna.
    99 | D        | Found a bloodstained altar of Trog.
   100 | D        | Found a hide-covered altar of Uskayaw.
   101 | D        | Found a radiant altar of Vehumet.
   102 | D        | Found an ornate altar of the Wu Jian Council.
   103 | D        | Found a shimmering altar of Xom.
   104 | D        | Found a basalt altar of Yredelemnul.
   105 | D        | Found a glowing silver altar of Zin.
   106 | D        | Found a glowing golden altar of the Shining One.
   162 | D        | Noticed a hungry ghost
   170 | D        | Killed a hungry ghost
   170 | D        | Reached skill level 10 in Fighting
   170 | D        | Reached skill level 11 in Long Blades
   170 | D        | Reached XP level 6. HP: 61/61 MP: 6/6
   174 | D        | Reached **** piety under Trog
   191 | D        | Reached XP level 7. HP: 68/68 MP: 7/7
   230 | D        | Noticed a red ugly thing
   230 | D        | Noticed a manticore
   230 | D        | Noticed a catoblepas
   313 | D        | Killed a catoblepas
   313 | D        | Reached skill level 13 in Long Blades
   313 | D        | Reached skill level 5 in Dodging
   313 | D        | Reached skill level 1 in Stealth
   313 | D        | Reached XP level 8. HP: 31/78 MP: 8/8
   326 | D        | Slain by a manticore

Skill      XL: |  1  2  3  4  5  6  7 |
---------------+----------------------+-----
Fighting       | 7 8 10 11 12 | 12.7
Long Blades    | 7 9 11 13 | 13.5
Armour         | 4 5 6 8 |  8.2
Dodging        | 3 4 5 |  5.2
Short Blades   | 4 |  4.2
Stealth        | 1 |  1.4

Action                   |  1- 3 |  4- 6 |  7- 9 || total
-------------------------+-------+-------+-------++-------
Melee: Falchion          |    17 |    11 |       ||    28
       Scimitar          |       |    19 |     1 ||    20
       Rapier            |       |       |    10 ||    10
Invok: Trog's Hand       |     1 |     1 |     3 ||     5
       Berserk           |     1 |     1 |       ||     2
       Brothers in Arms  |       |       |     1 ||     1
 Abil: Hop               |       |       |     1 ||     1
Evoke: Wand              |       |       |     2 ||     2
  Use: Potion            |       |       |     3 ||     3
  Eat: Chunk             |       |       |     3 ||     3
Armor: Animal skin       |     3 |     2 |       ||     5
       Chain mail        |       |    10 |    31 ||    41
Dodge: Dodged            |    18 |    12 |     6 ||    36
       Rpst.: Falchion   |     4 |       |       ||     4
       Scimitar          |       |     1 |       ||     1
